 Dungeon Crawl Stone Soup version 0.32-a0-560-g4c7f4391e0 (webtiles) character file.

Game seed: 1145160011205990135

17 grandjackal the Ducker (level 2, 0/34 HPs)
             Began as a Demonspawn Gladiator on Feb 29, 2024.
             Succumbed to a goblin's poison
             ... on level 2 of the Dungeon.
             The game lasted 00:00:49 (747 turns).

grandjackal the Ducker (Demonspawn Gladiator)        Turns: 747, Time: 00:00:50

Health: 0/34       AC: 21    Str: 14    XL:     2   Next: 44%
Magic:  2/2        EV:  2    Int:  8    God:
Gold:   31         SH:  0    Dex: 14    Spells: 1/1 levels left

rFire   . . .        a - +0 long sword
rCold   . . .        (no shield)
rNeg    . . .        b - melded +0 leather armour
rPois   +            c - melded +0 helmet
rElec   .            (cloak currently unavailable)
rCorr   .            (gloves currently unavailable)
SInv    .            (boots currently unavailable)
Will    .....        (no amulet)
Stlth   +            (no ring)
HPRegen 0.25/turn    (no ring)
MPRegen 0.08/turn

%: no passive effects
@: lethally poisoned (0 -> -2), tree-form, hasted, wreathed by umbra, very quick
A: stationary, stasis, torment immunity, boosted hp, foul shadow 1
a: no special abilities


You were on level 2 of the Dungeon.
You were a tree.
You visited 1 branch of the dungeon, and saw 2 of its levels.

You collected 31 gold pieces.

Inventory:

Hand Weapons
 a - a +0 long sword (weapon)
 h - a +0 dagger of flaming
Missiles
 d - 3 throwing nets (quivered)
 e - a javelin
Armour
 b - a +0 leather armour (melded)
 c - a +0 helmet (melded)
Scrolls
 f - 2 scrolls of teleportation {unknown}
 g - a scroll of fog {unknown}
 i - a scroll of amnesia {unknown}
 j - 2 scrolls of revelation {unknown}
 l - a scroll of enchant weapon {unknown}
 m - a scroll of summoning {unknown}


   Skills:
 + Level 2.3 Fighting
 + Level 2.9 Long Blades
 - Level 2.0 Throwing
 + Level 2.9 Dodging


You had one spell level left.
You didn't know any spells.
Your spell library was empty.

Dungeon Overview and Level Annotations

Branches:
Dungeon (2/15)

Altars:


Innate Abilities, Weirdness & Mutations

You are a tree.
Your roots penetrate the ground, keeping you stationary.
You cannot be teleported.
You are immune to unholy pain and torment.
Your maximum health is greatly increased.
Your equipment is partially melded.
You are faintly shadowed, very rarely releasing foul flame when damaged in melee.


Message History

The goblin closely misses you.
You barely miss the goblin.
You feel sick. The goblin closely misses you.
You closely miss the quokka.
You feel sick. The quokka barely misses you.
The goblin hits you with a +1 dagger of venom.
You are more poisoned.
The quokka misses you.
You closely miss the goblin.
You feel very sick. The goblin closely misses you.
The quokka bites you but does no damage.
You slash the goblin!
You kill the goblin!
You feel very sick. The adder bites you. The quokka closely misses you.
The adder bites you.
* * * LOW HITPOINT WARNING * * *
The quokka closely misses you.
You barely miss the adder.
* * * LOW HITPOINT WARNING * * *
You feel sick. The adder misses you.
The quokka bites you but does no damage.
You slash the adder!
The adder is almost dead.
* * * LOW HITPOINT WARNING * * *
You feel sick. The adder completely misses you. The quokka closely misses you.
The adder barely misses you. The quokka bites you.
* * * LOW HITPOINT WARNING * * *
It was a potion of haste.
You feel yourself speed up.
* * * LOW HITPOINT WARNING * * *
You feel sick. The adder closely misses you. The quokka barely misses you.
It was a potion of lignification.
You turn into a tree.
Your +0 helmet melds into your body.
Your +0 leather armour melds into your body.
Your roots penetrate the ground.
* * * LOW HITPOINT WARNING * * *
You feel sick. The adder bites you.
* * * LOW HITPOINT WARNING * * *
The quokka bites you but does no damage.
You closely miss the adder.
The adder is almost dead.
You die...

. >.#
####........†..........# .
....#...............<......#
.
......##...............#####
. ......)...................
.
.......................###.#
. #....................#...
# .......................###
. #........)r.............
#....##.###♣.......#..###
........# #)S.#....
......### #...#.... ....#
#.#.# .. .. #.#.# ..#.#
#.#.# #.#


You could see an adder and a quokka.

Vanquished Creatures
  A dart slug (D:2)
  An endoplasm (D:2)
  2 goblins
  2 hobgoblins (D:1)
  A quokka (D:1)
  4 kobolds
  3 rats
14 creatures vanquished.

Notes
Turn   | Place    | Note
-------+----------+-------------------------------------------
     0 | D:1      | grandjackal the Demonspawn Gladiator began the quest for
                  | the Orb.
     0 | D:1      | Reached XP level 1. HP: 16/16 MP: 1/1
   255 | D:1      | Found a faded altar of an unknown god.
   359 | D:1      | Gained mutation: You are faintly shadowed, very rarely
                  | releasing foul flame when damaged in melee. [demonic
                  | ancestry]
   359 | D:1      | Reached XP level 2. HP: 20/22 MP: 2/2
   642 | D:2      | Noticed a black bear
   746 | D:2      | HP: 1/34 [adder (1)]
   747 | D:2      | Succumbed to a goblin's poison

Illustrated notes

Levels and vault maps discovered:
D:1:      scummos_arrival_simple_crosswalls, layout_loops_ring,
          basic_ecumenical_altar
D:2:      layout_rooms, minmay_close_crescents

Skill      XL: |  1 |
---------------+----+-----
Throwing       | 2 |  2.0
Fighting       | |  2.3
Long Blades    | |  2.9
Dodging        | |  2.9

Action                     || total
---------------------------++-------
  Melee: Long sword        ||    44
    Use: Potion            ||     2
   Stab: Sleeping          ||     1
 Armour: Leather armour    ||    29
         Skin              ||     2
  Dodge: Dodged            ||    33

Table legend: (Time is in decaauts)
 A = Elapsed time spent in this place.
 B = Non-inter-level travel time spent in this place.
 C = Inter-level travel time spent in this place.
 D = Time resting spent in this place.
 E = Time spent auto-exploring this place.
 F = Levels seen in this place.
 G = Mean time per level.
                   A        B        C        D        E       F      G
               +--------+--------+--------+--------+--------+-----+--------+
         Total |    758 |    699 |     59 |     70 |    498 |   2 |  379.0 |
       Dungeon |    758 |    699 |     59 |     70 |    498 |   2 |  379.0 |
               +--------+--------+--------+--------+--------+-----+--------+

Top non-repeatable levels by time:
     D:1: 677 daAuts
     D:2: 80 daAuts
